 Dungeon Crawl Stone Soup version 0.29.0-13-gc9e81de378 (webtiles) character file.

Game seed: 2380641692114302306

2146 mtoz the Trooper (level 9, -9/118 HPs)
             Began as a Minotaur Berserker on Sept 7, 2022.
             Was a Priest of Trog.
             Mangled by an orc warrior zombie
             ... wielding a +0 halberd
              (18 damage)
             ... in a bailey.
             The game lasted 00:24:54 (7578 turns).

mtoz the Trooper (Minotaur Berserker)               Turns: 7578, Time: 00:24:54

Health: -9/118     AC:  7    Str: 27    XL:     9   Next: 9%
Magic:  8/8        EV: 12    Int:  4    God:    Trog [***...]
Gold:   224        SH:  0    Dex:  9    Spells: 8/8 levels left

rFire   . . .      SeeInvis .   a - +0 hand axe
rCold   + . .      Faith    +   (no shield)
rNeg    . . .      Spirit   .   f - +0 ring mail
rPois   .          Reflect  .   (helmet restricted)
rElec   .          Harm     .   (no cloak)
rCorr   .          Rampage  .   (no gloves)
Will    ++...                   h - +0 pair of boots
Stlth   ..........              o - amulet of faith
HPRegen 1.29/turn               x - ring of protection from cold
MPRegen 0.11/turn               (no ring)

@: berserking, strong-willed, regenerating, very quick
A: horns 2, retaliatory headbutt
a: Renounce Religion, Berserk, Trog's Hand


You were in a bailey.
You worshipped Trog.
Trog was most pleased with you.
You visited 1 branch of the dungeon, and saw 7 of its levels.
You also visited: Bailey.

You collected 224 gold pieces.

Inventory:

Hand Weapons
 a - a +0 hand axe (weapon)
 g - a +0 whip
 n - a +0 mace
 p - a +0 halberd
 q - a +2 vorpal flail
 B - a +0 flail
Missiles
 v - 17 stones (quivered)
 w - 7 poisoned darts
Armour
 f - a +0 ring mail (worn)
 h - a +0 pair of boots (worn)
Jewellery
 b - a +6 ring of strength
 o - an amulet of faith (around neck)
 x - a ring of protection from cold (left hand)
 E - a ring of ice
Scrolls
 d - 3 scrolls of poison
 e - 2 scrolls of enchant weapon
 i - a scroll of torment
 k - 3 scrolls of immolation
 l - 2 scrolls of magic mapping {unknown}
 m - a scroll of teleportation {unknown}
 r - a scroll of blinking {unknown}
 s - a scroll of noise {unknown}
 y - 2 scrolls of vulnerability {unknown}
 z - a scroll of brand weapon {unknown}
 C - a scroll of silence {unknown}
Potions
 j - a potion of haste
 t - a potion of mutation
 u - 2 potions of lignification
 A - 2 potions of attraction
 D - a potion of cancellation {unknown}


   Skills:
 + Level 7.4 Fighting
 + Level 7.4 Axes
 + Level 4.9 Throwing
 + Level 6.8 Armour
 + Level 6.3 Dodging


You had 8 spell levels left.
You didn't know any spells.
Your spell library was empty.

Dungeon Overview and Level Annotations

Branches:
Dungeon (7/15)             Bailey (1/1)
 Temple: D:4-7

Altars:
Cheibriados
Hepliaklqana
Kikubaaqudgha
Ru
Sif Muna
Trog
Vehumet

Annotations:
D:3 3 runed translucent doors, Gwenloh's ghost, amateur DEAM


Innate Abilities, Weirdness & Mutations

You have a pair of horns on your head.
You reflexively headbutt those who attack you in melee.


Message History

You slash the orc zombie!
You destroy the orc zombie!
Trog accepts your kill.
The orc warrior zombie hits you from afar with a +0 halberd!
The orc warrior zombie hits you from afar with a +0 trident.
You see here a +0 spear.
You slash the orc warrior zombie! You headbutt the orc warrior zombie.
The orc warrior zombie is moderately damaged.
You barely miss the orc warrior zombie.
The orc warrior zombie closely misses you.
The orc warrior zombie hits you with a +0 trident!
You slash the orc warrior zombie!
The orc warrior zombie is heavily damaged.
You hit the orc warrior zombie but do no damage.
The orc warrior zombie barely misses you.
The orc warrior zombie hits you with a +0 trident!
* * * LOW HITPOINT WARNING * * *
You feel better.
The orc warrior zombie hits you with a +0 halberd.
* * * LOW HITPOINT WARNING * * *
The orc warrior zombie hits you with a +0 trident.
* * * LOW HITPOINT WARNING * * *
You closely miss the orc warrior zombie.
Your headbutt misses the orc warrior zombie.
The orc warrior zombie is heavily damaged.
You barely miss the orc warrior zombie.
Your skin crawls.
You feel strong-willed.
The orc warrior zombie hits you with a +0 halberd!
* * * LOW HITPOINT WARNING * * *
The orc warrior zombie misses you. You furiously retaliate!
You headbutt the orc warrior zombie!
A red film seems to cover your vision as you go berserk!
You feel yourself moving faster!
You feel mighty!
The orc warrior zombie closely misses you. x2
You slash the orc warrior zombie!
The orc warrior zombie is almost destroyed.
You slash the orc warrior zombie!
The orc warrior zombie hits you with a +0 halberd!!
You die...

######## ..
##.....8# ...#
##.......#
#...#........#
#....Z.Z....#####
♣@.....#..|#
#....♣....♣.#)..#
#.♣..♣......#..÷#
#........♣.##'###
..♣....♣...#..#
...........').#
...♣...♣...####
.............#
..♣.......)..#


You could see 2 orc warrior zombies.

Vanquished Creatures
  Sigmund (D:2)
  3 water moccasins
  An ice beast (D:7)
  An orc warrior (D:7)
  A black bear (D:4)
  4 ogres
  A necrophage (D:4)
  A bullfrog (D:6)
  2 scorpions
  A howler monkey (D:4)
  3 jellies
  An orc priest (D:5)
  4 hounds
  7 iguanas
  Natasha (thrice) (D:3)
  2 orc wizards
  5 adders
  6 gnolls
  A white imp (D:6)
  An ufetubus (D:6)
  A worm (D:2)
  3 dart slugs
  19 orcs
  7 endoplasms
  3 giant cockroaches
  8 goblins
  6 hobgoblins
  6 quokkas
  12 ball pythons
  6 bats
  3 frilled lizards
  10 kobolds
  5 orc zombies (Bailey)
  7 rats
145 creatures vanquished.

Vanquished Creatures (others)
  3 fungi (D:4)
  14 plants (D:3)
17 creatures vanquished.

Grand Total: 162 creatures vanquished

Notes
Turn   | Place    | Note
-------+----------+-------------------------------------------
     0 | D:1      | mtoz the Minotaur Berserker began the quest for the Orb.
     0 | D:1      | Reached XP level 1. HP: 19/19 MP: 0/0
   232 | D:1      | Found a faded altar of an unknown god.
   490 | D:1      | Reached XP level 2. HP: 26/27 MP: 1/1
   809 | D:1      | Reached ** piety under Trog
  1341 | D:2      | Found a bloodstained altar of Trog.
  1347 | D:2      | Reached XP level 3. HP: 31/33 MP: 2/2
  1363 | D:2      | Noticed Sigmund
  1372 | D:2      | Killed Sigmund
  1373 | D:2      | Reached skill level 1 in Throwing
  1373 | D:2      | Reached XP level 4. HP: 41/41 MP: 3/3
  1373 | D:2      | Reached XP level 5. HP: 47/47 MP: 4/4
  2186 | D:3      | Noticed Natasha
  2195 | D:3      | Killed Natasha
  2196 | D:3      | Reached skill level 5 in Fighting
  2196 | D:3      | Reached XP level 6. HP: 56/56 MP: 5/5
  2407 | D:3      | Reached skill level 5 in Axes
  2443 | D:3      | Found a runed translucent gate.
  2444 | D:3      | Found a runed translucent gate.
  2445 | D:3      | Found a runed translucent gate.
  2446 | D:3      | Noticed Gwenloh's ghost (amateur DEAM)
  2647 | D:3      | Noticed Natasha
  2658 | D:3      | Killed Natasha
  3146 | D:3      | Noticed Natasha
  3161 | D:3      | Killed Natasha
  3597 | D:4      | Reached XP level 7. HP: 52/61 MP: 6/6
  4044 | D:4      | Found a bloodstained altar of Trog.
  4478 | D:4      | Found a sacrificial altar of Ru.
  4522 | D:4      | Reached skill level 5 in Armour
  4895 | D:4      | Found a radiant altar of Vehumet.
  4926 | D:4      | Found a snail-covered altar of Cheibriados.
  5116 | D:5      | Entered Level 5 of the Dungeon
  5444 | D:5      | Reached skill level 5 in Dodging
  5524 | D:5      | Reached XP level 8. HP: 52/70 MP: 7/7
  5987 | D:5      | Reached *** piety under Trog
  6355 | D:6      | Found a hazy altar of Hepliaklqana.
  6766 | D:6      | Found an ancient bone altar of Kikubaaqudgha.
  6835 | D:6      | Found a shimmering blue altar of Sif Muna.
  7138 | D:7      | Reached XP level 9. HP: 75/79 MP: 8/8
  7402 | D:7      | Found a flagged portal.
  7435 | Bailey   | Entered a bailey
  7578 | Bailey   | Mangled by an orc warrior zombie

Illustrated notes

Levels and vault maps discovered:
D:1:      dpeg_arrival_round_b, layout_loops_corners,
          shapermc_ecumenical_altar_pompeii, minmay_pentomino_o2
D:2:      layout_loops_ring, basic_altar, hangedman_decor_opposing,
          chequers_mini_garden, uniq_sigmund
D:3:      layout_loops_cross, biasface_ghost_orc_armoury, serial_bayou_lagoon_b,
          uniq_natasha
D:4:      kennysheep_six_static_rooms, layout_basic,
          mainiacjoe_overflow_boulevard,
          mainiacjoe_overflow_concentric_impassable,
          mainiacjoe_overflow_two_lobes, serial_glass, glass_columns_a,
          glass_columns_b, corexii_shack
D:5:      layout_gridville, columned_hall_lemuel
D:6:      layout_loops_cross, mainiacjoe_overflow_tiny_flanked, kennysheep_mini,
          kiku_gazebo_pond_becter, minmay_checkerbox
D:7:      layout_cave_pools, mainiacjoe_overflow_24_doors,
          minmay_temple_entry_proselytizer, lightli_bailey_entry_fortress,
          minmay_fire_ice_demons
Bailey:   bailey_polearm_vampire_castle_hellmonk, bailey

Skill      XL: |  1  2  3  4  5  6  7  8 |
---------------+-------------------------+-----
Fighting       | 4 5 6 7 |  7.4
Axes           | 4 5 6 7 |  7.4
Throwing       | 1 2 3 4 |  4.9
Armour         | 3 4 5 6 |  6.8
Dodging        | 3 4 5 6 |  6.3

Action                   |  1- 3 |  4- 6 |  7- 9 || total
-------------------------+-------+-------+-------++-------
Melee: Hand axe          |    52 |   103 |   222 ||   377
       Headbutt          |     6 |    19 |    36 ||    61
       Punch             |     1 |     2 |     2 ||     5
Throw: Throwing net      |       |     1 |       ||     1
       Stone             |       |       |    40 ||    40
Invok: Trog's Hand       |     1 |     3 |     7 ||    11
       Berserk           |     1 |     3 |     4 ||     8
  Use: Scroll            |     3 |     3 |     5 ||    11
       Potion            |       |       |     1 ||     1
 Stab: Held in net/web   |       |     1 |       ||     1
Armor: Animal skin       |    13 |    15 |       ||    28
       Ring mail         |       |     4 |    69 ||    73
Dodge: Dodged            |    37 |    66 |   150 ||   253
